AoeStats
← ghartwig

Black Forest

508974915Analyzed
2v2 RM · 8d ago on Sep 24, 2026· 41m 41s· 4 players
Game mode
Random Map
Map size
Medium (4 player)
Population
200
Speed
Normal
Resources
Standard
Victory
Conquest
Starting age
Dark Age
Ending age
Imperial Age
RankedLock teamsTeams togetherTeam positionsShared explorationLock speedFull tech treeHidden civsTurbo modeCheats
Victory
Defeat
🇹🇷 Inca · Türkiye
882
+14
🇹🇷 Huns · Türkiye
777
+18
🇨🇱 Khmer · Chile
825
-16
🇨🇱 Byzantines · Chile
825
-16
andronico
2:48 Loom
12:18 Feudal Age
20:12 Castle Age
18:04 Double-Bit Axe
23:54 Wheelbarrow
24:01 Horse Collar
28:08 Pikeman
ghartwig
6:08 Loom
11:49 Feudal Age
12:20 Double-Bit Axe
12:18 Horse Collar
13:19 Wheelbarrow
19:09 Castle Age
23:40 Bow Saw
25:50 Heavy Plow
27:09 Gold Mining
27:33 Stone Mining
32:34 Husbandry
bıyık
11:22 Feudal Age
11:30 Champi Runner
12:07 Horse Collar
12:19 Double-Bit Axe
21:05 Castle Age
20:37 Fletching
21:42 Stone Mining
21:47 Elite Skirmisher
21:53 Pikeman
21:55 Champi Warrior
22:35 Loom
22:49 Bodkin Arrow
23:55 Heavy Plow
25:25 Padded Archer Armor
35:29 Imperial Age
33:53 Andean Sling
34:07 Bow Saw
33:48 Gold Mining
34:33 Stone Shaft Mining
35:52 Halberdier
41:35 Chemistry
40:56 Ballistics
40:47 Masonry
FETALDNATESTİ
11:02 Loom
13:58 Feudal Age
16:01 Double-Bit Axe
18:27 Horse Collar
21:29 Castle Age
21:27 Wheelbarrow
21:00 Fletching
21:45 Fishing Lines
22:26 Bow Saw
22:28 Heavy Plow
24:09 Bodkin Arrow
24:12 Stone Mining
23:57 Pikeman
26:15 Gold Mining
27:25 Hand Cart
32:09 Imperial Age
31:25 Gold Shaft Mining
34:29 Chemistry
35:00 Elite Tarkan
36:51 Bracer
Connection lost

Rejoining the realm…

Still unreachable

The connection could not be restored.

Session expired

The server has moved on; the page needs a fresh start.